AoeStats
← BenderCharls

Arena

509192423Analyzed
2v2 RM · 7d ago on Sep 25, 2026· 59m 27s· 4 players
Game mode
Random Map
Map size
Medium (4 player)
Population
200
Speed
Normal
Resources
Standard
Victory
Conquest
Starting age
Dark Age
Ending age
Imperial Age
RankedLock teamsTeams togetherTeam positionsShared explorationLock speedFull tech treeHidden civsTurbo modeCheats
Victory
Defeat
🇦🇷 Khmer · Argentina
952
+18
🇵🇪 Vikings · Peru
890
+20
🇺🇸 Turks · United States
1055
-22
🇲🇽 Huns · Mexico
909
-30
Genars007xxx
10:23 Feudal Age
10:50 Loom
15:23 Castle Age
16:26 Scale Barding Armor
16:32 Forging
17:13 Husbandry
17:27 Bloodlines
20:31 Double-Bit Axe
22:25 Bow Saw
23:53 Gold Mining
26:17 Horse Collar
27:26 Wheelbarrow
28:08 Heavy Plow
32:19 Imperial Age
30:21 Tusk Swords
31:59 Chain Barding Armor
32:15 Iron Casting
34:55 Chemistry
34:40 Ballistics
36:01 Gold Shaft Mining
35:14 Elite Battle Elephant
37:17 Fletching
38:30 Blast Furnace
39:34 Elite Ballista Elephant
41:49 Plate Barding Armor
42:07 Double Crossbow
43:48 Pikeman
44:16 Arson
44:36 Scale Mail Armor
45:42 Halberdier
46:11 Elite Ballista Elephant
48:03 Cavalier
48:06 Light Cavalry
58:48 Hussar
Juminican
13:09 Feudal Age
11:25 Loom
17:08 Castle Age
15:42 Fletching
15:53 Scale Mail Armor
16:09 Forging
16:15 Stone Mining
16:17 Arson
17:16 Double-Bit Axe
17:59 Horse Collar
22:23 Scale Mail Armor
22:24 Pikeman
23:05 Squires
23:59 Bow Saw
25:11 Gold Mining
25:56 Town Watch
26:48 Chain Mail Armor
27:08 Heavy Plow
28:50 Chieftains
32:37 Imperial Age
30:47 Iron Casting
31:35 Gold Shaft Mining
31:24 Scale Barding Armor
31:15 Bodkin Arrow
33:29 Ballistics
32:48 Elite Berserk
33:17 Capped Ram
35:47 Plate Mail Armor
36:18 Blast Furnace
35:40 Town Patrol
36:31 Siege Ram
37:34 Conscription
38:14 Chain Barding Armor
39:07 Two-Man Saw
39:12 Elite Skirmisher
40:56 Chemistry
40:21 Bogsveigar
41:02 Bracer
41:03 Padded Archer Armor
41:20 Masonry
42:47 Fortified Wall
58:56 Elite Varangian Guard
BenderCharls
12:31 Feudal Age
13:47 Feudal Age
18:37 Castle Age
18:37 Bloodlines
18:44 Double-Bit Axe
19:19 Husbandry
19:36 Horse Collar
25:54 Husbandry
25:15 Light Cavalry
26:07 Scale Mail Armor
27:28 Scale Barding Armor
27:39 Chain Mail Armor
27:52 Bow Saw
27:44 Heavy Plow
31:35 Loom
32:26 Wheelbarrow
32:52 Marauders
34:05 Caravan
38:00 Chain Barding Armor
37:50 Forging
42:34 Imperial Age
40:43 Iron Casting
41:12 Hand Cart
41:11 Masonry
40:57 Murder Holes
41:23 Ballistics
43:43 Elite Tarkan
45:12 Plate Barding Armor
45:08 Hussar
48:10 Chemistry
48:44 Cavalier
TrampyFlounder
10:41 Feudal Age
14:41 Castle Age
13:29 Double-Bit Axe
14:31 Stone Mining
19:35 Horse Collar
22:59 Wheelbarrow
25:27 Bow Saw
25:19 Heavy Plow
25:13 Gold Mining
26:38 Squires
26:45 Scale Mail Armor
26:49 Padded Archer Armor
26:40 Fletching
28:45 Husbandry
28:56 Bloodlines
32:58 Imperial Age
30:49 Scale Barding Armor
32:25 Chain Barding Armor
32:16 Forging
32:42 Ballistics
34:47 Heavy Camel Rider
35:29 Bodkin Arrow
36:11 Iron Casting
36:34 Town Watch
36:20 Elite Janissary
37:38 Gold Shaft Mining
39:39 Artillery
42:15 Plate Barding Armor
42:41 Blast Furnace
44:42 Murder Holes
Connection lost

Rejoining the realm…

Still unreachable

The connection could not be restored.

Session expired

The server has moved on; the page needs a fresh start.